 Dungeon Crawl Stone Soup version 0.19.1 (webtiles) character file.

25 dvd the Vexing (level 3, -1/20 HPs)
             Began as a Kobold Arcane Marksman on Dec 11, 2016.
             Slain by Sigmund
             ... wielding a +0 scythe
              (13 damage)
             ... on level 2 of the Dungeon.
             The game lasted 00:03:26 (1285 turns).

dvd the Vexing (Kobold Arcane Marksman)             Turns: 1285, Time: 00:03:26

Health: -1/20      AC:  2    Str:  9    XL:     3   Next: 20%
Magic:  2/5        EV: 15    Int: 14    God:
Gold:   80         SH:  0    Dex: 14    Spells: 2 memorised, 1 level left

rFire  . . .     SeeInvis .     a - +0 hand crossbow
rCold  . . .     Gourm    .     e - +0 robe
rNeg   . . .     Faith    .     (shield restricted)
rPois  .         Spirit   .     (no helmet)
rElec  .         Reflect  .     (no cloak)
rCorr  .         Harm     .     (no gloves)
MR     .....                    (no boots)
Stlth  +.........               (no amulet)
                                (no ring)
                                (no ring)

@: confused, very slightly contaminated
A: carnivore 3
a: no special abilities


You were on level 2 of the Dungeon.
You were very full.

You visited 1 branch of the dungeon, and saw 2 of its levels.

You collected 80 gold pieces.

Inventory:

Hand Weapons
 a - a +0 hand crossbow (weapon)
 b - a +0 dagger
Missiles
 d - 10 bolts (quivered)
Armour
 e - a +0 robe (worn)
Scrolls
 g - a scroll of amnesia {unknown}
 j - 2 scrolls of remove curse {unknown}
 n - 3 scrolls of identify {unknown}
Potions
 i - a potion of flight {unknown}
 k - a potion of brilliance {unknown}
 l - a potion of curing {unknown}
 m - a potion of might {unknown}
Books
 c - a book of Debilitation

   Spells                             Type                      Level
   a - Corona                         Hexes                        1
   b - Slow                           Hexes                        2
   c - Gell's Gravitas                Hexes/Translocation          3
   d - Inner Flame                    Hexes/Fire                   3
   e - Cause Fear                     Hexes                        4
   f - Leda's Liquefaction            Hexes/Earth                  4
Comestibles
 f - a meat ration
 h - a slice of pizza


   Skills:
 + Level 1.4 Fighting
 + Level 3.2 Crossbows
 + Level 2.4 Dodging
 + Level 1.4 Spellcasting
 + Level 3.4 Hexes


You had one spell level left.
You knew the following spells:

 Your Spells              Type           Power        Failure   Level  Hunger
a - Corona                Hex            ##.....      10%         1    ##.....
b - Slow                  Hex            ##......     12%         2    ###....


Dungeon Overview and Level Annotations

Branches:
Dungeon (2/15)

Altars:

Annotations:
D:2 Sigmund


Innate Abilities, Weirdness & Mutations

You are small and have problems with some larger weapons.
You are carnivorous and can eat meat at any time.


Message History

You are confused.
Firing (i - inventory):
d - 13 bolts (quivered)
Press: ? - help, Shift-Dir - straight line, f/p - Sigmund
Aim: Sigmund, wielding a scythe and wearing a robe (heavily wounded, slow, softly glowing, slightly transparent)
You shoot a bolt.
Firing (i - inventory):
d - 12 bolts (quivered)
Press: ? - help, Shift-Dir - straight line, f/p - Sigmund
Aim: Sigmund, wielding a scythe and wearing a robe (heavily wounded, slow, softly glowing, slightly transparent)
You shoot a bolt.
Firing (i - inventory):
d - 11 bolts (quivered)
Press: ? - help, Shift-Dir - straight line, f/p - Sigmund
Aim: Sigmund, wielding a scythe and wearing a robe (heavily wounded, slow, softly glowing, slightly transparent)
You shoot a bolt.
Sigmund stops glowing and disappears.
You hear some strange, mumbled words.
Deactivating autopickup; reactivate with Ctrl-A.
You are more confused.
You bump into the rock wall.
Something hits you!
Ouch! That really hurt!
You die...

.# ##.##
######.##.##.# .#
#.# #.##....# .#
#.# #....#..# .#
#+# ####...## ..(
##.## .... ### #.#
..$.. ##.###.#
......####...##.#
...!..'@.....(#.###
......####........#
...>. ##..(#.#.#
.... #.#...#.# ...
#...###.# #+ #..##
.# #..# <# #.. .#
##. ##


There were no monsters in sight!

Vanquished Creatures
  A dart slug (D:1)
  A ball python (D:1)
  5 bats
  4 giant cockroaches (D:1)
  2 goblins (D:1)
  5 hobgoblins (D:1)
  A kobold (D:1)
  A rat (D:1)
20 creatures vanquished.

Notes
Turn   | Place    | Note
-------+----------+-------------------------------------------
     0 | D:1      | dvd the Kobold Arcane Marksman began the quest for the Orb.
     0 | D:1      | Reached XP level 1. HP: 12/12 MP: 2/2
   207 | D:1      | Reached XP level 2. HP: 16/16 MP: 3/3
   563 | D:1      | Learned a level 2 spell: Slow
  1004 | D:1      | Reached XP level 3. HP: 20/20 MP: 4/4
  1273 | D:2      | Noticed Sigmund
  1285 | D:2      | Slain by Sigmund

Skill      XL: |  1  2 |
---------------+-------+-----
Crossbows      | 3 |  3.2
Fighting       | |  1.4
Dodging        | |  2.4
Spellcasting   | |  1.4
Hexes          | |  3.4

Action                   || total
-------------------------++-------
Melee: Dagger            ||     5
 Fire: Hand crossbow     ||    42
 Cast: Corona            ||     6
       Slow              ||     2
  Eat: Chunk             ||     8
Armor: Robe              ||     4
Dodge: Dodged            ||    14
